 Dungeon Crawl Stone Soup version 0.17-a0-1741-gd5e8965 (webtiles) character file.

1061 Kidiri the Shield-Bearer (level 8, -3/43 HPs)
             Began as a Gargoyle Fighter on Aug 31, 2015.
             Killed by divine providence
             ... invoked by an orc priest
              (11 damage)
             ... on level 6 of the Dungeon.
             The game lasted 00:14:30 (5087 turns).

Kidiri the Shield-Bearer (Gargoyle Fighter)         Turns: 5087, Time: 00:14:30

Health: -3/43      AC: 22    Str: 21    XL:     8   Next: 27%
Magic:  9/9        EV:  9    Int: 10    God:
Gold:   396        SH: 10    Dex:  7    Spells: 0 memorised, 7 levels left

rFire  + + .     SeeInvis .     g - +0 morningstar
rCold  x . .     Clarity  .     a - +4 ring mail of Doyzxolo {+Inv}
rNeg   + . .     SustAt   .     c - +0 shield
rPois  ∞         Gourm    .     q - +0 helmet
rElec  +         Spirit   .     A - +0 cloak
rCorr  .         Warding  .     (no gloves)
rMut   .         Stasis   .     k - +0 pair of boots
MR     .....                    (no amulet)
Stlth  ..........               l - ring of fire
                                n - +3 ring of protection

@: not resistant to hostile enchantments, extremely unstealthy
A: clumsy 1, fire resistance 1, frail 1, negative energy resistance 1,
electricity resistance, unbreathing, petrification resistance, rot immunity, AC
+5
a: Evoke Invisibility


You were on level 6 of the Dungeon.
You were not hungry.

You visited 1 branch of the dungeon, and saw 6 of its levels.

You collected 396 gold pieces.

Inventory:

Hand weapons
 g - a +0 morningstar (weapon)
Armour
 a - the +4 ring mail of Doyzxolo (worn) {+Inv}
   (You found it on level 4 of the Dungeon)

   It lets you turn invisible.
 c - a +0 shield (worn)
 k - a +0 pair of boots (worn)
 q - a +0 helmet (worn)
 A - a +0 cloak (worn)
Rods
 s - a +1 lightning rod (9/9)
   (You found it on level 3 of the Dungeon)
Jewellery
 l - a ring of fire (right hand)
 n - a +3 ring of protection (left hand)
 B - an uncursed ring of flight
Magical devices
 p - a wand of slowing (39)
Scrolls
 o - a scroll of immolation {unknown}
 u - 2 scrolls of remove curse
 v - a scroll of teleportation {unknown}
 x - a scroll of blinking
 y - a scroll of magic mapping
 C - a scroll of enchant weapon {unknown}
 D - a scroll of torment {unknown}
Potions
 b - a potion of flight
 d - 2 potions of might
 i - a potion of cancellation
 j - 4 potions of curing
 r - 2 potions of brilliance
 t - a potion of resistance
Comestibles
 e - 5 bread rations
 f - 7 fruits
 h - 5 meat rations
 m - 2 beef jerkies
 w - 2 slices of pizza
 z - 14 chunks of flesh


   Skills:
 + Level 4.7 Fighting
 * Level 4.6 Maces & Flails
 * Level 5.6 Armour
 + Level 2.8 Dodging
 * Level 5.9 Shields
 + Level 2.2 Evocations


You had 7 spell levels left.
You didn't know any spells.

Dungeon Overview and Level Annotations

Branches:
Dungeon (6/15)
 Temple: D:4-7

Altars:
Fedhas
Ru
Vehumet
Yredelemnul


Innate Abilities, Weirdness & Mutations

You are resistant to torment.
Your stone body is resilient (AC +5).
You are immune to poison.
You resist negative energy.
You are resistant to electric shocks.
You can survive without breathing.
You are immune to petrification.
You are immune to rotting.
You are clumsy. (Dex -2)
Your flesh is heat resistant.
You are frail (-10% HP).


Message History

The orc priest is moderately wounded.
The orc hits you but does no damage. The gnoll completely misses you.
You block the orc priest's attack. The adder bites you but does no damage.
The orc hits you but does no damage.
The jackal bites you but does no damage.
The orc wizard hits you but does no damage.
The gnoll barely misses you.
The orc priest invokes the aid of Beogh against you.
Pain shoots through your body! The gnoll hits you but does no damage.
You block the adder's attack. The jackal barely misses you.
The orc hits you but does no damage. You block the orc wizard's attack.
The orc hits you with a flail!
* * * LOW HITPOINT WARNING * * *
You sock the orc priest!
The orc priest is almost dead.
The jackal bites you but does no damage.
You block the adder's attack. The gnoll hits you but does no damage.
The orc priest invokes the aid of Beogh against you.
Something smites you!
You die...

...............'.......#
......>........#.......#
...............#.......#
...##..........#.......#
+### ...###...###....###
...###+####...###.?..####
........+........5........
..).....#......o(hg.......
.>)##..)#......o@Sgg......
.).# .###..§##oog..###..
...## #... #ogg..# ##
..<.# ...


Srgh..... ....+ . ........... ...<# ............ #+### .###..##..### .. #..# ..#
You could see a gnoll shaman, an orc priest, an orc wizard, 6 gnolls, a crimson
imp, 2 adders, 3 orcs, a quokka and 2 jackals.

Vanquished Creatures
  A centaur (D:5)
  Blork the orc (D:4)
  2 giant frogs (D:6)
  3 scorpions
  A jelly (D:5)
  A giant frog skeleton (D:5)
  Crazy Yiuf (D:5)
  2 hounds
  4 orc wizards
  3 worker ants (D:4)
  Natasha (thrice) (D:2)
  An iguana (D:5)
  A killer bee zombie (D:5)
  Robin (D:2)
  7 adders
  A river rat (D:4)
  2 shadow imps
  3 worms
  2 giant geckos
  17 orcs
  A bat (D:2)
  9 giant cockroaches
  15 goblins
  6 hobgoblins
  17 jackals
  2 ball pythons
  A giant gecko zombie (D:5)
  3 giant newts
  6 kobolds
  3 quokkas
  6 rats
126 creatures vanquished.

Notes
Turn   | Place    | Note
--------------------------------------------------------------
     0 | D:1      | Kidiri the Gargoyle Fighter began the quest for the Orb.
     0 | D:1      | Reached XP level 1. HP: 14/14 MP: 1/1
     0 | D:1      | Noticed a green draconian
     1 | D:1      | Noticed an orb of fire
     1 | D:1      | Noticed an ice dragon
     3 | D:1      | Noticed an orb of fire
     3 | D:1      | Noticed a mottled draconian
     5 | D:1      | Noticed a shadow dragon
     7 | D:1      | Noticed a tentacled monstrosity
    10 | D:1      | Noticed a large abomination
    10 | D:1      | Noticed a large abomination
    13 | D:1      | Noticed a large abomination
    15 | D:1      | Noticed a green draconian
    17 | D:1      | Noticed an ice dragon
    19 | D:1      | Noticed an orb of fire
    19 | D:1      | Noticed a golden dragon
   347 | D:1      | Reached XP level 2. HP: 19/19 MP: 2/2
  1031 | D:2      | Reached XP level 3. HP: 13/23 MP: 3/3
  1177 | D:2      | Noticed Robin
  1242 | D:2      | Killed Robin
  1242 | D:2      | Reached skill level 4 in Armour
  1512 | D:2      | Noticed Natasha
  1521 | D:2      | Killed Natasha
  1521 | D:2      | Reached XP level 4. HP: 20/28 MP: 4/4
  1736 | D:2      | Reached skill level 1 in Dodging
  1788 | D:2      | Noticed Natasha
  1793 | D:2      | Killed Natasha
  1882 | D:2      | Noticed Natasha
  1887 | D:2      | Killed Natasha
  2045 | D:3      | Reached XP level 5. HP: 32/32 MP: 5/5
  2141 | D:3      | Gained mutation: You are clumsy. (Dex -2) [potion of mutation]
  2141 | D:3      | Gained mutation: Your flesh is heat resistant. [potion of mutation]
  2141 | D:3      | Gained mutation: You are frail (-10% HP). [potion of mutation]
  2211 | D:3      | Found a basalt altar of Yredelemnul.
  2211 | D:3      | Found a blossoming altar of Fedhas.
  2698 | D:4      | Reached skill level 1 in Evocations
  2703 | D:4      | Got a fine ring mail
  2714 | D:4      | Identified the +4 ring mail of Doyzxolo {+Inv} (You found it on level 4 of the Dungeon)
  2776 | D:4      | Reached XP level 6. HP: 16/34 MP: 6/6
  2942 | D:4      | Found a sacrificial altar of Ru.
  3005 | D:4      | Noticed Blork the orc
  3020 | D:4      | Killed Blork the orc
  3150 | D:4      | Reached skill level 5 in Shields
  3150 | D:4      | Reached XP level 7. HP: 38/38 MP: 7/7
  3155 | D:4      | Reached skill level 5 in Armour
  3917 | D:5      | Entered Level 5 of the Dungeon
  3932 | D:5      | Noticed Crazy Yiuf
  3935 | D:5      | Killed Crazy Yiuf
  4046 | D:5      | Found a radiant altar of Vehumet.
  4073 | D:5      | Found a blossoming altar of Fedhas.
  4919 | D:6      | Reached XP level 8. HP: 43/43 MP: 9/9
  5087 | D:6      | Killed from afar by an orc priest

Vault maps used:
D:1:      shiori_arrival_whats_in_store_for_you
D:2:      uniq_robin, uniq_natasha
D:3:      gammafunk_temple_overflow_statue
D:4:      kennysheep_mini, gup_sewer_entry_spiral, kennysheep_doodads,
          uniq_blork_the_orc
D:5:      vehumet_crystals, first_bread, fedhas_altar_2, uniq_crazy_yiuf_cottage
D:6:      water_boxes_lemuel, uniq_duvessa

Action                   |  1- 3 |  4- 6 |  7- 9 || total
-------------------------+-------+-------+-------++-------
Melee: Flail             |   144 |    61 |       ||   205
       Morningstar       |       |   157 |   211 ||   368
Evoke: Rod               |       |       |     2 ||     2
  Use: Scroll            |       |     9 |     3 ||    12
       Potion            |       |     1 |     1 ||     2
  Eat: Chunk             |     2 |     2 |     2 ||     6
       Bread ration      |       |     1 |     1 ||     2
